 Dungeon Crawl Stone Soup version 0.30.0-13-g156ef70053 (webtiles) character file.

Game seed: 529836046405546120

477 HeliumTrimp the Chopper (level 7, -3/51 (54) HPs)
             Began as a Formicid Fighter on May 17, 2023.
             Slain by a wight
             ... wielding a +1 mace
              (7 damage)
             ... on level 5 of the Dungeon.
             The game lasted 00:03:41 (3346 turns).

HeliumTrimp the Chopper (Formicid Fighter)          Turns: 3346, Time: 00:03:42

HP:   -3/51 (54)    AC:  6    Str: 24    XL:     7   Next: 33%
MP:   7/7           EV:  9    Int:  8    God:
Gold: 183           SH:  5    Dex: 15    Spells: 6/6 levels left

rFire   + . .        s - +6 hand axe "Wecus" {elec, rElec Str+4 Stlth+}
rCold   . . .        c - +0 buckler
rNeg    . . .        b - +0 scale mail
rPois   +            (helmet unavailable)
rElec   +            (no cloak)
rCorr   .            (no gloves)
SInv    +            (no boots)
Will    .....        (no amulet)
Stlth   +            z - ring of protection from fire
HPRegen 0.28/turn    i - ring of poison resistance
MPRegen 0.10/turn

%: no passive effects
@: drained
A: permanent stasis, dig shafts and tunnels, antennae 3, four strong arms
a: Dig, Shaft Self


You were on level 5 of the Dungeon.
You visited 1 branch of the dungeon, and saw 5 of its levels.

You collected 183 gold pieces.

Inventory:

Hand Weapons
 a - a +0 long sword
 s - the +6 hand axe "Wecus" (weapon) {elec, rElec Str+4 Stlth+}
   (You took it off a kobold on level 2 of the Dungeon)

   Str:       It affects your strength (+4).
   rElec:     It insulates you from electricity.
   Stlth:     It makes you more stealthy.
Armour
 b - a +0 scale mail (worn)
 c - a +0 buckler (worn)
Jewellery
 i - a ring of poison resistance (right hand)
 z - a ring of protection from fire (left hand)
 A - the ring "Vaunux" {rElec EV+5}
   (You found it on level 4 of the Dungeon)

   [ring of evasion]

   EV:        It affects your evasion (+5).
   rElec:     It insulates you from electricity.
 F - a ring of positive energy
Scrolls
 e - a scroll of magic mapping {unknown}
 f - a scroll of immolation {unknown}
 g - a scroll of fear {unknown}
 j - 3 scrolls of identify {unknown}
 l - a scroll of summoning {unknown}
 p - a scroll of blinking {unknown}
 q - 3 scrolls of teleportation {unknown}
 r - a scroll of fog {unknown}
 u - a scroll of brand weapon {unknown}
 y - 2 scrolls of torment {unknown}
 B - 3 scrolls of acquirement {unknown}
 D - a scroll of noise {unknown}
Potions
 d - a potion of might
 h - 2 potions of heal wounds {unknown}
 k - 3 potions of curing {unknown}
 m - 3 potions of magic
 n - a potion of haste {unknown}
 o - a potion of brilliance {unknown}
 t - a potion of ambrosia {unknown}
 v - a potion of berserk rage {unknown}
 w - 2 potions of lignification {unknown}
 x - a potion of degeneration {unknown}
 C - a potion of resistance {unknown}
 E - a potion of mutation {unknown}


   Skills:
 - Level 4.0 Fighting
 - Level 3.5 Long Blades
 * Level 6.0 Axes
 - Level 3.2 Armour
 - Level 4.0 Shields


You had 6 spell levels left.
You didn't know any spells.
Your spell library contained the following spells:

 Spells                   Type           Power      Damage    Failure   Level
 Sting                    Tmut/Pois      0%         1d3       77%         1
 Poisonous Vapours        Pois/Air       0%         N/A       88%         2
 Call Canine Familiar     Summ           0%         N/A       98%         3
 Ozocubu's Armour         Ice            0%         N/A       98%         3
 Portal Projectile        Hex/Tloc       0%         N/A       98%         3
 Anguish                  Hex/Necr       0%         N/A       100%        4
 Cause Fear               Hex            0%         N/A       100%        4
 Leda's Liquefaction      Hex/Erth       0%         N/A       100%        4
 Olgreb's Toxic Radiance  Pois           0%         N/A       100%        4
 Enfeeble                 Hex            0%         N/A       100%        7
 Ozocubu's Refrigeration  Ice            0%         4d7       100%        7


Dungeon Overview and Level Annotations

Branches:
Dungeon (5/15)
 Temple: D:4-7

Altars:
Sif Muna


Innate Abilities, Weirdness & Mutations

You cannot be hasted, slowed, berserked, paralysed or teleported.
You can dig through walls and to a lower floor.
You have a pair of large antennae on your head. (SInv)
Your four strong arms can wield two-handed weapons with a shield.


Message History

You slash the adder!
You kill the adder!
No target in view!
You extend your mandibles.
You dig through the rock wall.
You feel drained. 4 wights come into view.
Found a potion of might.
The wight hits you with a +1 mace!
You retract your mandibles.
The wight attacks as you move away!
The wight hits you with a +4 short sword!
You feel drained. The wight attacks as you move away!
The wight hits you with a +1 mace!
You hit the wight.
The wight is lightly damaged.
You block the wight's attack.
You hit the wight. Lightning courses through the wight!
You destroy the wight!
You hit the wight but do no damage. Lightning courses through the wight!
The wight is heavily damaged.
The wight hits you with a +0 dagger.
You feel drained.
You slash the wight! Lightning courses through the wight!
You destroy the wight!
Your Axes skill increases to level 6!
You hit the wight.
The wight is lightly damaged.
The wight hits you with a +1 mace!
* * * LOW HITPOINT WARNING * * *
You closely miss the wight.
The wight is lightly damaged.
The wight hits you with a +1 mace.
* * * LOW HITPOINT WARNING * * *
You feel drained.
It was a potion of magic.
Magic courses through your body. The wight hits you with a +1 mace.
* * * LOW HITPOINT WARNING * * *
You feel drained.
* * * LOW HITPOINT WARNING * * *
You slash the wight!
The wight is severely damaged.
The wight hits you with a +1 mace!
You die...

#################
.#...........#...
#####.#.#########.#.##
#.....#.....#.....#...
#.#########.#.########
#....@zz....#.........
#######.##############
#.............
#.............. {
...............
........!......
..............#
..............#
...............


You could see 2 wights.

Vanquished Creatures
  A phantom (D:4)
  2 wights (D:5)
  A hound (D:4)
  An orc priest (D:4)
  Natasha (thrice) (D:4)
  An orc wizard (D:4)
  An iguana (D:5)
  3 adders
  A white imp (D:3)
  An ufetubus (D:4)
  3 dart slugs
  7 orcs
  6 endoplasms
  3 giant cockroaches (D:1)
  3 goblins
  10 hobgoblins
  6 jackals
  A quokka (D:1)
  A ball python (D:3)
  4 bats
  2 frilled lizards
  10 kobolds
  4 rats
75 creatures vanquished.

Notes
Turn   | Place    | Note
-------+----------+-------------------------------------------
     0 | D:1      | HeliumTrimp the Formicid Fighter began the quest for the
                  | Orb.
     0 | D:1      | Reached XP level 1. HP: 18/18 MP: 1/1
   107 | D:1      | Reached XP level 2. HP: 22/24 MP: 2/2
   262 | D:1      | Reached XP level 3. HP: 30/30 MP: 3/3
   297 | D:1      | Found a faded altar of an unknown god.
  1224 | D:2      | Reached XP level 4. HP: 37/37 MP: 4/4
  1441 | D:2      | Identified the +6 hand axe "Wecus" {elec, rElec Str+4
                  | Stlth+}
  1851 | D:3      | Found a shimmering blue altar of Sif Muna.
  2068 | D:3      | Reached skill level 1 in Axes
  2400 | D:4      | Reached skill level 2 in Axes
  2414 | D:4      | Identified the ring "Vaunux" {rElec EV+5}
  2436 | D:4      | Reached XP level 5. HP: 34/42 MP: 5/5
  2646 | D:4      | Noticed Natasha
  2650 | D:4      | Killed Natasha
  2651 | D:4      | Reached skill level 3 in Axes
  2658 | D:4      | Noticed Natasha
  2664 | D:4      | Killed Natasha
  2742 | D:4      | Noticed a phantom
  2748 | D:4      | Killed a phantom
  2749 | D:4      | Reached skill level 4 in Axes
  2749 | D:4      | Reached XP level 6. HP: 46/48 MP: 6/6
  3059 | D:4      | Noticed Natasha
  3062 | D:4      | Killed Natasha
  3063 | D:4      | Reached skill level 5 in Axes
  3254 | D:5      | Entered Level 5 of the Dungeon
  3258 | D:5      | Reached XP level 7. HP: 53/54 MP: 7/7
  3343 | D:5      | Reached skill level 6 in Axes
  3346 | D:5      | Slain by a wight

Illustrated notes

Levels and vault maps discovered:
D:1:      dpeg_arrival_round_c, layout_basic, basic_ecumenical_altar,
          chequers_serial_rivers_small_b
D:2:      layout_loops_ring, wad_floor_pattern_untrapped
D:3:      layout_basic, lemuel_crystal_altar, roderic_lattice_a
D:4:      layout_basic, uniq_natasha
D:5:      layout_rooms, corner_web_ring, roderic_serpentine_path,
          uniq_prince_ribbit1

Skill      XL: |  1  2  3  4  5  6  7 |
---------------+----------------------+-----
Long Blades    | 3 |  3.5
Fighting       | 4 |  4.0
Axes           | 2 4 5 6 |  6.0
Armour         | |  3.2
Shields        | |  4.0

Action                     |  1- 3 |  4- 6 |  7- 9 || total
---------------------------+-------+-------+-------++-------
  Melee: Long sword        |    84 |    16 |       ||   100
         Hand axe          |       |    70 |    10 ||    80
Ability: Dig               |       |       |     1 ||     1
    Use: Potion            |       |       |     1 ||     1
 Armour: Scale mail        |    39 |    25 |     2 ||    66
  Dodge: Dodged            |    34 |    33 |       ||    67
  Block: Buckler           |    21 |    10 |     2 ||    33
